 Dungeon Crawl Stone Soup version 0.19.1 (webtiles) character file.

3322 esteth the Transmogrifier (level 10, -3/70 HPs)
             Began as a Merfolk Transmuter on Dec 12, 2016.
             Was a Follower of Makhleb.
             Slain by a hog (12 damage)
             ... on level 7 of the Dungeon.
             The game lasted 00:46:51 (6860 turns).

esteth the Transmogrifier (Merfolk Transmuter)      Turns: 6860, Time: 00:46:51

Health: -3/70      AC:  2    Str: 11    XL:     10   Next: 2%
Magic:  14/17      EV: 19    Int: 15    God:    Makhleb [*.....]
Gold:   348        SH:  0    Dex: 15    Spells: 4 memorised, 6 levels left

rFire  . . .     SeeInvis .       - Unarmed
rCold  . . .     Gourm    .     b - +0 robe
rNeg   . . .     Faith    .     (shield currently unavailable)
rPois  .         Spirit   .     (no helmet)
rElec  .         Reflect  .     (no cloak)
rCorr  .         Harm     .     (gloves currently unavailable)
MR     +....                    (no boots)
Stlth  +.........               v - amulet of regeneration
                                k - ring of protection from magic
                                f - +3 ring of evasion

@: blade hands
A: change form in water, swift swim, stealthy swim
a: End Transformation, Renounce Religion


You were on level 7 of the Dungeon.
You worshipped Makhleb.
Makhleb was aware of your devotion.
You were not hungry.
You had blades for hands.
You visited 2 branches of the dungeon, and saw 8 of its levels.

You collected 348 gold pieces.

Inventory:

Missiles
 a - 123 arrows
Armour
 b - a +0 robe (worn)
 e - a +0 leather armour
 m - a +2 buckler of protection (melded)
Jewellery
 f - a +3 ring of evasion (left scythe-like blade)
 k - a ring of protection from magic (right scythe-like blade)
 t - a cursed ring of teleportation
 v - an amulet of regeneration (around neck)
Wands
 r - a wand of lightning (0/15)
 y - a wand of slowing (30/48)
 G - a wand of flame (15/48)
Scrolls
 g - 2 scrolls of amnesia {unknown}
 o - 2 scrolls of recharging {unknown}
 p - 2 scrolls of enchant weapon {unknown}
 q - 2 scrolls of teleportation {unknown}
 z - 4 scrolls of remove curse
 B - 2 scrolls of identify
 D - a scroll of enchant armour {unknown}
 F - a scroll of immolation {unknown}
Potions
 d - a potion of ambrosia {unknown}
 h - 4 potions of degeneration
 j - a potion of cancellation {unknown}
 n - 4 potions of curing {unknown}
 s - 3 potions of heal wounds {unknown}
 u - a potion of resistance {unknown}
 w - 2 potions of haste {unknown}
 x - 2 potions of flight {unknown}
 A - a potion of might {unknown}
Books
 c - a book of Changes

   Spells                             Type                      Level
   a - Beastly Appendage              Transmutation                1
   b - Sticks to Snakes               Transmutation                2
   c - Spider Form                    Transmutation/Poison         3
   d - Ice Form                       Ice/Transmutation            4
   e - Blade Hands                    Transmutation                5
Comestibles
 i - a beef jerky
 l - 4 meat rations
 C - a royal jelly
 E - 6 chunks of flesh


   Skills:
 + Level 3.4 Fighting
 - Level 0.1 Armour
 * Level 7.0 Dodging
 + Level 7.6 Unarmed Combat
 - Level 5.1 Spellcasting
 * Level 11.0 Transmutations
 - Level 4.5 Poison Magic


You had 6 spell levels left.
You knew the following spells:

 Your Spells              Type           Power        Failure   Level  Hunger
a - Beastly Appendage     Tmut           #####.       10%         1    None
b - Spider Form           Tmut/Pois      ####......   21%         3    ###....
c - Blade Hands           Tmut           #####.....   36%         5    ######.
d - Ice Form              Ice/Tmut       ###.....     63%         4    ####...


Dungeon Overview and Level Annotations

Branches:
Dungeon (7/15)             Temple (1/1) D:6

Altars:
Ashenzari
Cheibriados
Dithmenos
Elyvilon
Gozag
Hepliaklqana
Kikubaaqudgha
Makhleb
Okawaru
Qazlal
Ru
Sif Muna
Trog
Uskayaw
Vehumet
Xom
Yredelemnul
Zin
The Shining One

Shops:
D:7 *


Message History

* * * LOW HITPOINT WARNING * * *
The hog barely misses you. The hog completely misses you.
Things that are here:
a staff of cold; a scroll labeled VOQEUN KUMOERA
Okay, then.
Okay, then.
Evoke which item? (* to show all) (? for menu, Esc to quit)
That item cannot be evoked!
You slice the hog!!
The hog is almost dead.
Okay, then.
You slash the hog!
You kill the hog!
Makhleb accepts your kill.
Your Dodging skill increases to level 7!
Your Transmutations skill increases to level 11!
You have reached level 10!
You feel stronger. The hog bites you!
You die...

####### #......
...####.....
....#........
#####'#####..#.#.
##.#....%#
#..#...
#..)...%%#
#..#...
#h.#######
#..#... #h####.#
#..#... #@.....#
#..#... ######.#
#..###. #.#
#......
#.##########.
#....# ## #.##.#
#.##.# ...#.#
##.##.#


You could see 2 hogs.

Vanquished Creatures
  Pikel (D:4)
  A human (D:7)
  2 hogs (D:7)
  3 sky beasts (D:6)
  A slave (D:4)
  A phantom (D:5)
  A black bear (D:6)
  2 ogres
  2 centaurs
  3 bullfrogs
  3 scorpions (D:6)
  3 wights (D:7)
  3 howler monkeys
  6 crimson imps
  A bullfrog zombie (D:5)
  3 orc priests (D:4)
  A jelly (D:6)
  8 orc wizards
  A hound (D:7)
  Ijyb (D:3)
  An iguana (D:7)
  6 worker ants
  8 gnolls
  A howler monkey skeleton (D:4)
  9 adders
  3 oozes
  2 adder zombies
  2 worms
  2 leopard geckos
  22 orcs
  A ball python (D:2)
  4 bats
  8 giant cockroaches
  5 goblins
  11 hobgoblins
  6 jackals
  4 kobolds
  4 quokkas
  4 frilled lizards
  2 quokka zombies (D:5)
  3 rats
155 creatures vanquished.

Vanquished Creatures (others)
  A hound skeleton (D:4)
1 creature vanquished.

Grand Total: 156 creatures vanquished

Notes
Turn   | Place    | Note
-------+----------+-------------------------------------------
     0 | D:1      | esteth the Merfolk Transmuter began the quest for the Orb.
     0 | D:1      | Reached XP level 1. HP: 15/15 MP: 3/3
   229 | D:1      | Reached XP level 2. HP: 18/21 MP: 3/5
   335 | D:1      | Reached skill level 3 in Transmutations
   587 | D:1      | Reached XP level 3. HP: 23/26 MP: 6/6
   592 | D:1      | Learned a level 3 spell: Spider Form
  1788 | D:3      | Reached skill level 1 in Poison Magic
  1812 | D:3      | Reached XP level 4. HP: 32/32 MP: 3/7
  1813 | D:3      | Noticed Ijyb
  1827 | D:3      | Killed Ijyb
  1827 | D:3      | Reached skill level 4 in Transmutations
  2014 | D:3      | Reached XP level 5. HP: 23/37 MP: 5/9
  2760 | D:4      | Reached skill level 5 in Transmutations
  2815 | D:4      | Reached XP level 6. HP: 38/43 MP: 3/10
  2910 | D:4      | Found a hazy altar of Hepliaklqana.
  3036 | D:4      | Found a shattered altar of Ashenzari.
  3281 | D:4      | HP: 1/43 [orc priest (5)]
  3426 | D:4      | Noticed Pikel
  3426 | D:4      | Noticed a slave
  3427 | D:4      | Noticed a slave
  3427 | D:4      | Noticed a slave
  3456 | D:4      | Killed a slave
  3476 | D:4      | Noticed a slave
  3482 | D:4      | Killed Pikel
  3482 | D:4      | Reached skill level 5 in Unarmed Combat
  3482 | D:4      | Reached skill level 6 in Transmutations
  3482 | D:4      | Reached XP level 7. HP: 13/48 MP: 9/13
  3482 | D:4      | Reached XP level 8. HP: 15/54 MP: 9/14
  3784 | D:5      | Entered Level 5 of the Dungeon
  3985 | D:5      | Reached skill level 7 in Transmutations
  4430 | D:5      | Reached skill level 5 in Spellcasting
  4669 | D:6      | Reached skill level 8 in Transmutations
  4855 | D:6      | Reached skill level 9 in Transmutations
  4872 | D:6      | Reached XP level 9. HP: 25/59 MP: 13/16
  4961 | D:6      | Learned a level 5 spell: Blade Hands
  4966 | D:6      | Learned a level 4 spell: Ice Form
  5163 | D:6      | Found a hide-covered altar of Uskayaw.
  5257 | D:6      | Found a staircase to the Ecumenical Temple.
  5266 | Temple   | Entered the Ecumenical Temple
  5421 | Temple   | Became a worshipper of Makhleb the Destroyer
  5653 | D:6      | Reached skill level 10 in Transmutations
  6097 | D:7      | Reached * piety under Makhleb
  6125 | D:7      | Reached skill level 5 in Dodging
  6339 | D:7      | Found Gozag's Platinum Reserve.
  6341 | D:7      | Found an opulent altar of Gozag.
  6860 | D:7      | Reached skill level 11 in Transmutations
  6860 | D:7      | Reached XP level 10. HP: 8/70 MP: 14/17
  6860 | D:7      | Slain by a hog

Skill      XL: |  1  2  3  4  5  6  7  8  9 |
---------------+----------------------------+-----
Dodging        | 3 7 |  7.0
Transmutations | 3 4 5 6 9 11 | 11.0
Poison Magic   | 1 2 4 |  4.5
Spellcasting   | 3 4 5 |  5.1
Unarmed Combat | 5 6 7 |  7.6
Fighting       | 3 |  3.4
Armour         | |  0.1

Action                   |  1- 3 |  4- 6 |  7- 9 | 10-12 || total
-------------------------+-------+-------+-------+-------++-------
Melee: Unarmed           |   115 |   143 |   342 |       ||   600
       Headbutt          |    14 |     9 |    10 |       ||    33
       Tailslap          |       |       |     2 |       ||     2
 Cast: Beastly Appendage |    21 |    11 |    15 |       ||    47
       Spider Form       |     1 |     8 |    16 |       ||    25
       Blade Hands       |       |       |    10 |       ||    10
       Ice Form          |       |       |     2 |       ||     2
Evoke: Wand              |       |       |     5 |       ||     5
  Use: Scroll            |     3 |     2 |     2 |       ||     7
 Stab: Sleeping          |       |     1 |     2 |       ||     3
  Eat: Bread ration      |     1 |     1 |     1 |       ||     3
       Chunk             |       |     2 |     1 |       ||     3
       Beef jerky        |       |     1 |     2 |       ||     3
       Meat ration       |       |       |     1 |       ||     1
       Pizza             |       |       |     1 |       ||     1
Armor: Leather armour    |    29 |       |       |       ||    29
       Robe              |     1 |     9 |    16 |       ||    26
       Skin              |       |     5 |     6 |       ||    11
Dodge: Dodged            |    83 |    99 |   248 |       ||   430
Block: Buckler           |    16 |    13 |    22 |       ||    51
